 Dungeon Crawl Stone Soup version 0.25-a0-632-g7713895373 (webtiles) character file.

Game seed: 14693488248644241919, levelgen mode: deterministic

295 Kohma the Stinger (level 6, -2/45 HPs)
             Began as a Draconian Venom Mage on Mar 19, 2020.
             Killed by divine providence
             ... invoked by an orc priest
              (13 damage)
             ... on level 4 of the Dungeon.
             The game lasted 00:10:41 (5100 turns).

Kohma the Stinger (Draconian Venom Mage)            Turns: 5100, Time: 00:10:41

Health: -2/45      AC:  6    Str: 10    XL:     6   Next: 11%
Magic:  3/10       EV: 12    Int: 17    God:
Gold:   141        SH:  0    Dex: 12    Spells: 5/11 levels left

rFire    . . .     SeeInvis .   r - +2 trident (venom)
rCold    . . .     Gourm    .   (no shield)
rNeg     . . .     Faith    .   (armour unavailable)
rPois    .         Spirit   .   (helmet restricted)
rElec    .         Reflect  .   (no cloak)
rCorr    .         Harm     .   (no gloves)
MR       .....                  (no boots)
Stlth    ++........             (no amulet)
HPRegen  0.15/turn              (no ring)
MPRegen  0.12/turn              (no ring)

@: no status effects
A: unfitting armour, cold-blooded, AC +6
a: no special abilities


You were on level 4 of the Dungeon.
You were not hungry.

You visited 1 branch of the dungeon, and saw 4 of its levels.

You collected 141 gold pieces.

Inventory:

Hand Weapons
 f - a +0 short sword
 m - a +0 dagger
 q - a +0 rapier
 r - a +2 trident of venom (weapon)
Missiles
 a - 107 stones
 l - 3 boomerangs (quivered)
 n - 4 poisoned darts
 t - 3 silver boomerangs
Armour
 o - a +1 buckler
Scrolls
 c - 3 scrolls of teleportation
 d - a scroll of noise {unknown}
 j - a scroll of enchant armour
Potions
 g - a potion of ambrosia
 i - a potion of flight
 u - a potion of mutation
Comestibles
 b - 8 rations


   Skills:
 - Level 1.7 Dodging
 - Level 1.7 Stealth
 * Level 3.5 Shields
 + Level 3.0 Spellcasting
 - Level 1.0 Transmutations
 + Level 5.1 Poison Magic


You had 5 spell levels left.
You knew the following spells:

 Your Spells              Type           Power        Failure   Level  Hunger
a - Sting                 Tmut/Pois      ##..         4%          1    None
b - Poisonous Vapours     Pois/Air       ##....       9%          2    ##.....
c - Ignite Poison         Fire/Tmut/Pois #.......     22%         3    ###....

Your spell library contained the following spells:

 Spells                   Type           Power        Failure   Level  Hunger
 Magic Dart               Conj           #...         17%         1    None
 Olgreb's Toxic Radiance  Pois           ###.....     21%         4    ####...
 Blink                    Tloc           N/A          26%         2    ##.....
 Call Imp                 Summ           #.......     26%         2    ##.....
 Slow                     Hex            #.......     26%         2    ##.....
 Mephitic Cloud           Conj/Pois/Air  #.......     26%         3    ###....
 Conjure Flame            Conj/Fire      #.......     45%         3    ###....


Dungeon Overview and Level Annotations

Branches:
Dungeon (4/15)
 Temple: D:4-7

Altars:
Sif Muna

Shops:
D:4 !


Innate Abilities, Weirdness & Mutations

Your plain brown scales are hard. (AC +6)
You cannot fit into any form of body armour.
You are cold-blooded and may be slowed by cold attacks.


Message History

You kill the gnoll!
Attack whom?
Press: ? - help, Dir - move target cursor, f - gnoll
Aim: a gnoll, wielding a +0 whip You reach to attack!
You puncture the gnoll!
The gnoll is poisoned.
The gnoll is heavily wounded.
The gnoll closely misses you.
You hit the gnoll.
The gnoll looks as sick as possible!
The gnoll is severely wounded.
The gnoll closely misses you.
You puncture the gnoll!
You kill the gnoll!
Your Spellcasting skill increases to level 3!
An orc priest comes into view. It is wielding a +0 trident.
The orc priest shouts!
You hit the orc.
You kill the orc!
The orc priest mumbles some strange prayers to Beogh against you.
Beogh smites you!
You die...

$........# #........
...oo....# ##.####..
...$.g...# .# ##.
.........######.## #.
$.......%.......... #.
...................##.
............o......###
...########..........#
#
.......@))oo.........#
#
...########..........#
#..........#
#..........#
#..........#
#..........#
##.........###
######..)...# ##.....#


You could see an orc priest and 2 orcs.

Vanquished Creatures
  An orc priest (D:4)
  2 orc wizards (D:4)
  A worker ant (D:4)
  5 adders
  5 gnolls
  2 adder skeletons (D:4)
  4 worms
  A dart slug (D:1)
  A leopard gecko (D:1)
  11 orcs
  4 bats
  3 giant cockroaches
  4 goblins
  7 hobgoblins
  2 jackals (D:1)
  A quokka (D:3)
  A ball python (D:1)
  5 frilled lizards
  7 kobolds
  3 rats
70 creatures vanquished.

Notes
Turn   | Place    | Note
-------+----------+-------------------------------------------
     0 | D:1      | Kohma the Draconian Venom Mage began the quest for the Orb.
     0 | D:1      | Reached XP level 1. HP: 14/14 MP: 3/3
   736 | D:1      | Reached XP level 2. HP: 20/20 MP: 5/5
   756 | D:1      | Learned a level 2 spell: Poisonous Vapours
  1676 | D:1      | Reached skill level 4 in Poison Magic
  1676 | D:1      | Reached XP level 3. HP: 26/26 MP: 0/6
  2319 | D:2      | Found a faded altar of an unknown god.
  2377 | D:2      | Learned a level 3 spell: Ignite Poison
  2658 | D:2      | Reached skill level 1 in Shields
  3059 | D:3      | Reached XP level 4. HP: 33/33 MP: 4/7
  3986 | D:3      | Found a shimmering blue altar of Sif Muna.
  4546 | D:4      | Reached XP level 5. HP: 30/38 MP: 8/8
  4693 | D:4      | Found Niwus's Distillery.
  4780 | D:4      | Reached skill level 5 in Poison Magic
  5092 | D:4      | Reached XP level 6. HP: 22/45 MP: 1/10
  5100 | D:4      | Killed from afar by an orc priest

Levels and vault maps discovered:
D:1:      erik_arrival_cave_to_civilisation [erik_arrival_cave_to_hall],
          layout_basic, hangedman_decor_opposing, hangedman_decor_growths,
          minmay_misc_feat_five
D:2:      layout_loops_ring, chequers_ecumenical_altar_island
D:3:      layout_basic, first_ration, lemuel_blue_sif_altar
D:4:      layout_basic, serial_corexii_hall, chequers_hall_statues_corner_a,
          chequers_hall_statues_y, serial_shops,
          nicolae_shop_competitors_out_of_business, goddamned_bats

Skill      XL: |  1  2  3  4  5  6 |
---------------+-------------------+-----
Poison Magic   | 4 5 |  5.1
Shields        | 1 2 3 |  3.5
Spellcasting   | 3 |  3.0
Dodging        | |  1.7
Stealth        | |  1.7
Transmutations | |  1.0

Action                   |  1- 3 |  4- 6 || total
-------------------------+-------+-------++-------
Melee: Unarmed           |    44 |       ||    44
       Tailslap          |     7 |     4 ||    11
       Club              |    43 |       ||    43
       Short sword       |    12 |       ||    12
       Rapier            |     4 |    18 ||    22
       Trident           |       |    56 ||    56
Throw: Stone             |     1 |       ||     1
 Cast: Sting             |    15 |     1 ||    16
       Poisonous Vapours |    15 |    32 ||    47
  Use: Scroll            |       |    10 ||    10
       Potion            |       |     3 ||     3
 Stab: Sleeping          |     1 |       ||     1
  Eat: Chunk             |     7 |     6 ||    13
       Ration            |       |     1 ||     1
Armor: Skin              |    27 |    37 ||    64
Dodge: Dodged            |    61 |    60 ||   121

Table legend:
 A = Non-vault XP
 B = Vault XP
 C = Vault XP percentage of total XP
 D = Non-vault monster count
 E = Vault monster count
 F = Vault count percentage of total count
                 A         B        C        D         E       F
            +---------+---------+-------+---------+---------+-------
      Total |     419 |       3 |   0.7 |      68 |       2 |   2.9
            +---------+---------+-------+---------+---------+-------
        D:1 |      46 |       3 |   6.1 |      18 |       2 |  10.0
        D:2 |      45 |       0 |   0.0 |      10 |       0 |   0.0
        D:3 |      67 |       0 |   0.0 |      20 |       0 |   0.0
        D:4 |     261 |       0 |   0.0 |      20 |       0 |   0.0
            +---------+---------+-------+---------+---------+-------
